 Dungeon Crawl Stone Soup version 0.18.1-48-g4cf74bf (webtiles) character file.

3364 nikopol the Spear-Bearer (level 9, -3/82 HPs)
             Began as a Minotaur Berserker on June 26, 2016.
             Was a High Priest of Trog.
             Slain by an orc warrior
             ... wielding a +0 dire flail
              (13 damage)
             ... on level 7 of the Dungeon.
             The game lasted 00:19:40 (5555 turns).

nikopol the Spear-Bearer (Minotaur Berserker)       Turns: 5555, Time: 00:19:41

Health: -3/82      AC: 13    Str: 21    XL:     9   Next: 73%
Magic:  8/8        EV: 12    Int:  4    God:    Trog [*****.]
Gold:   315        SH:  0    Dex: 14    Spells: 0 memorised, 8 levels left

rFire  . . .     SeeInvis +     c - -1 shortbow (curse)
rCold  . . .     Gourm    .     d - +3 chain mail {rPois}
rNeg   . . .     Faith    .     (shield currently unavailable)
rPois  +         Spirit   .     (helmet restricted)
rElec  .         Dismiss  .     (no cloak)
rCorr  .         Reflect  .     (no gloves)
SustAt .         Harm     .     (no boots)
MR     .....                    (no amulet)
Stlth  ..........               (no ring)
                                u - ring of see invisible

@: not resistant to hostile enchantments, extremely unstealthy
A: retaliatory headbutt, horns 2
a: Berserk, Trog's Hand, Brothers in Arms, Burn Spellbooks, Renounce Religion


You were on level 7 of the Dungeon.
You worshipped Trog.
Trog was extremely pleased with you.
You were not hungry.

You visited 1 branch of the dungeon, and saw 7 of its levels.

You collected 315 gold pieces.

Inventory:

Hand Weapons
 c - a cursed -1 shortbow (weapon)
 s - a +0 shortbow
 x - a +1 scythe of slicing
Missiles
 h - 55 arrows (quivered)
Armour
 d - a +3 chain mail of poison resistance (worn)
Jewellery
 u - a ring of see invisible (left hand)
Scrolls
 n - 3 scrolls of enchant weapon
 o - 2 scrolls of identify
 A - a scroll of magic mapping {unknown}
Potions
 a - a potion of agility {unknown}
 e - a potion of flight {unknown}
 g - 2 potions of heal wounds
 i - 5 potions of curing
 j - a potion of might
 l - a potion of haste {unknown}
 m - a potion of beneficial mutation {unknown}
 p - 2 potions of lignification {unknown}
 q - 3 potions of brilliance {unknown}
 r - a potion of invisibility {unknown}
 w - a potion of cure mutation {unknown}
 z - 2 potions of degeneration {unknown}
Comestibles
 b - 5 bread rations
 f - a meat ration
 t - 2 royal jellies


   Skills:
 + Level 8.6 Fighting
 * Level 9.1 Polearms
 * Level 3.5 Bows
 + Level 8.1 Armour
 + Level 7.8 Dodging


You had 8 spell levels left.
You didn't know any spells.

Dungeon Overview and Level Annotations

Branches:
Dungeon (7/15)             Temple (0/1) D:4

Altars:
Elyvilon
Okawaru
Qazlal
Yredelemnul
Zin


Innate Abilities, Weirdness & Mutations

You reflexively headbutt those who attack you in melee.
You have a pair of horns on your head.


Message History

Aim: an orc warrior, wielding a dire flail and wearing a chain mail (heavily wounded)
You shoot an arrow.
The arrow hits the orc warrior but does no damage.
The orc warrior is heavily wounded.
The orc warrior misses you. You furiously retaliate!
You headbutt the orc warrior.
Firing (i - inventory):
h - 57 arrows (quivered)
Press: ? - help, Shift-Dir - straight line, f/p - orc warrior
Aim: an orc warrior, wielding a dire flail and wearing a chain mail (severely wounded)
You shoot an arrow.
The arrow hits the orc warrior but does no damage.
The orc warrior is severely wounded.
The orc warrior closely misses you.
Firing (i - inventory):
h - 56 arrows (quivered)
Press: ? - help, Shift-Dir - straight line, f/p - orc warrior
Aim: an orc warrior, wielding a dire flail and wearing a chain mail (severely wounded)
You shoot an arrow.
The arrow completely misses the orc warrior.
The orc warrior hits you with a dire flail!
You die...

########## (.......#
##...#..#.. .........
#.......... (........
#.......... #.((....#
#.......... #.......##
#..)....... #....)...
#.......... #.....o.#
##..###....
#.....(@#######..###....
#...(..(.<).............
#.......)..)............
#.......................
+.......................
###.....##..............
#.....##..............
#.....+...............
#.....##...##..##...##


You could see an orc warrior.

Vanquished Creatures
  Pikel (D:6)
  Sigmund (D:6)
  The ghost of Malvoorn the Magician, an amateur DrWz of Ashenzari (D:3)
  Edmund (D:5)
  Duvessa (D:6)
  2 phantoms
  5 ogres
  An ice beast (D:5)
  2 centaurs
  A gnoll sergeant (D:6)
  2 giant frogs
  Dowan (D:6)
  A scorpion (D:4)
  A killer bee (D:5)
  A centaur zombie (D:5)
  6 crimson imps
  3 hounds (D:6)
  3 orc wizards
  6 orc priests
  2 giant frog skeletons
  3 centaur skeletons
  Jessica (D:3)
  An iguana (D:5)
  6 worker ants
  A hound zombie (D:5)
  A worker ant zombie (D:6)
  Robin (D:2)
  3 gnolls (D:6)
  9 adders
  An ooze (D:2)
  A worm (D:6)
  4 dart slugs
  5 giant geckos
  30 orcs
  4 ball pythons
  11 bats
  4 giant cockroaches
  16 goblins
  8 hobgoblins
  15 jackals
  4 quokkas
  A giant gecko zombie (D:3)
  9 giant newts
  6 kobolds
  6 rats
193 creatures vanquished.

Notes
Turn   | Place    | Note
--------------------------------------------------------------
     0 | D:1      | nikopol the Minotaur Berserker began the quest for the Orb.
     0 | D:1      | Reached XP level 1. HP: 19/19 MP: 0/0
    23 | D:1      | Reached XP level 2. HP: 17/27 MP: 1/1
   399 | D:1      | Reached XP level 3. HP: 33/33 MP: 2/2
   588 | D:2      | Reached ** piety under Trog
   671 | D:2      | Found a white marble altar of Elyvilon.
   683 | D:2      | Reached skill level 4 in Polearms
   821 | D:2      | Noticed Robin
   824 | D:2      | Reached XP level 4. HP: 41/41 MP: 3/3
   844 | D:2      | Killed Robin
   953 | D:2      | Found a basalt altar of Yredelemnul.
  1025 | D:2      | Found an iron altar of Okawaru.
  1220 | D:3      | Reached *** piety under Trog
  1280 | D:3      | Noticed Jessica
  1290 | D:3      | Killed Jessica
  1290 | D:3      | Reached XP level 5. HP: 41/47 MP: 4/4
  1330 | D:3      | Found a glowing silver altar of Zin.
  1523 | D:3      | Reached skill level 5 in Fighting
  1779 | D:3      | Noticed Malvoorn's ghost (amateur DrWz)
  1802 | D:3      | Killed Malvoorn's ghost
  1802 | D:3      | Reached skill level 5 in Polearms
  1802 | D:3      | Reached XP level 6. HP: 56/56 MP: 5/5
  2465 | D:4      | Reached skill level 5 in Armour
  2465 | D:4      | Reached XP level 7. HP: 40/62 MP: 6/6
  2534 | D:4      | Reached **** piety under Trog
  2647 | D:4      | Found a staircase to the Ecumenical Temple.
  2827 | D:4      | Reached skill level 5 in Dodging
  3421 | D:5      | Entered Level 5 of the Dungeon
  3442 | D:5      | Reached skill level 6 in Polearms
  3527 | D:5      | Noticed Edmund
  3540 | D:5      | Killed Edmund
  3540 | D:5      | Reached XP level 8. HP: 71/71 MP: 7/7
  3856 | D:5      | Found a stormy altar of Qazlal.
  4047 | D:5      | Reached skill level 7 in Polearms
  4349 | D:6      | Noticed Sigmund
  4366 | D:6      | Killed Sigmund
  4368 | D:6      | Reached ***** piety under Trog
  4519 | D:6      | Got an encrusted whip
  4527 | D:6      | Identified the +3 whip "Kitib" {vamp, rC+ Int+4 Stlth+} (You found it on level 6 of the Dungeon)
  4545 | D:6      | Noticed Duvessa
  4549 | D:6      | Noticed Dowan
  4558 | D:6      | Killed Dowan
  4558 | D:6      | Reached XP level 9. HP: 81/81 MP: 8/8
  4561 | D:6      | Killed Duvessa
  4758 | D:6      | Reached skill level 8 in Polearms
  4881 | D:6      | Reached skill level 1 in Bows
  5042 | D:6      | Noticed Pikel
  5078 | D:6      | Killed Pikel
  5406 | D:7      | Reached skill level 9 in Polearms
  5555 | D:7      | Slain by an orc warrior

Skill      XL: |  1  2  3  4  5  6  7  8  9 |
---------------+----------------------------+-----
Fighting       | 4 5 6 7 8 |  8.6
Armour         | 3 4 5 7 8 |  8.1
Dodging        | 3 4 5 7 |  7.8
Polearms       | 4 5 6 7 9 |  9.1
Bows           | 3 |  3.5

Action                   |  1- 3 |  4- 6 |  7- 9 || total
-------------------------+-------+-------+-------++-------
Melee: Spear             |   116 |   187 |   377 ||   680
       Headbutt          |    13 |    20 |    50 ||    83
       Scythe            |       |       |    47 ||    47
 Fire: Shortbow          |       |       |   144 ||   144
Invok: Berserk           |       |     3 |     4 ||     7
  Use: Scroll            |       |       |     7 ||     7
  Eat: Chunk             |       |     8 |    13 ||    21
       Beef jerky        |       |       |     1 ||     1
Armor: Animal skin       |     2 |       |       ||     2
       Chain mail        |    50 |    63 |   173 ||   286
Dodge: Dodged            |    26 |    38 |   233 ||   297
